 Dungeon Crawl Stone Soup version 0.21-a0-71-g5e5ddd2 (webtiles) character file.

170 Alarkh the Slasher (level 5, -1/41 HPs)
             Began as a Demonspawn Fighter on June 19, 2017.
             Slain by Natasha (6 damage)
             ... on level 2 of the Dungeon.
             The game lasted 00:02:25 (2596 turns).

Alarkh the Slasher (Demonspawn Fighter)             Turns: 2596, Time: 00:02:26

Health: -1/41      AC:  6    Str: 21      XL:     5   Next: 25%
Magic:  5/5        EV:  9    Int:  8 (11) God:
Gold:   56         SH:  9    Dex: 12      Spells: 4/4 levels left

rFire    . . .     SeeInvis .   a - +0 long sword
rCold    . . .     Gourm    .   c - +0 shield
rNeg     . . .     Faith    .   b - +0 scale mail
rPois    .         Spirit   .   (no helmet)
rElec    .         Reflect  .   (no cloak)
rCorr    .         Harm     .   (no gloves)
MR       .....                  (no boots)
Stlth    +.........             (no amulet)
HPRegen  0.13/turn              (no ring)
MPRegen  0.09/turn              (no ring)

@: mighty, slowed, very slow
A: claws 1, repulsion field 1, nightstalker 1
a: no special abilities


You were on level 2 of the Dungeon.
You were not hungry.

You visited 1 branch of the dungeon, and saw 3 of its levels.

You collected 56 gold pieces.

Inventory:

Hand Weapons
 a - a +0 long sword (weapon)
Armour
 b - a +0 scale mail (worn)
 c - a +0 shield (worn)
Scrolls
 e - 2 scrolls of identify
 i - a scroll of teleportation {unknown}
 k - a scroll of enchant weapon {unknown}
 n - a scroll of blinking {unknown}
 o - a scroll of magic mapping {unknown}
Potions
 h - a potion of degeneration
 l - a potion of heal wounds
 p - a potion of curing
 q - a potion of berserk rage {unknown}
Comestibles
 f - 3 bread rations
 g - 4 chunks of flesh
 j - a meat ration
 m - 2 royal jellies


   Skills:
 - Level 3.0 Fighting
 + Level 5.0 Long Blades
 - Level 2.6 Armour
 - Level 2.6 Shields


You had 4 spell levels left.
You didn't know any spells.

Dungeon Overview and Level Annotations

Branches:
Dungeon (3/15)

Altars:
Uskayaw

Annotations:
D:2 Natasha
D:3 Robin


Innate Abilities, Weirdness & Mutations

You have sharp fingernails.
You are surrounded by a mild repulsion field. (EV +2)
You are slightly more attuned to the shadows.


Message History

This raw flesh tastes terrible.
Natasha, Servant of Life and Death comes into view.
Natasha hisses angrily.
Natasha stares at you and mumbles some strange words.
You feel yourself slow down.
Natasha stares at you and mumbles some strange words.
You feel as though you will be slow longer.
Natasha stares at you and mumbles some strange words.
The magic dart hits you!
You closely miss Natasha. Natasha barely misses you.
You feel very mighty all of a sudden.
Natasha stares at you and mumbles some strange words.
The magic dart hits you!
* * * LOW HITPOINT WARNING * * *
Natasha claws you.
* * * LOW HITPOINT WARNING * * *
You hit Natasha.
Natasha is heavily wounded.
Natasha claws you.
You die...

#.##..##..#..........#.#.###
#.###.##..#............#.#..
#.# #..#..##########...#.#.#
#.# ##.#..# #...#.#.# #.#
#.#..# #...#.#.#
#.####.#..##########)..#.#.#
#....................(.#.#.#
#######).###########.#(#.#..
#.>..@h........#(#.###
#.############...(....
#.#.#........#.#.#....
#.#...................
#.#...######.#.#..####
#.##########.....<.... ###
#.# #.....#.####### ..# #.#
#.###.#.......#
..##########.#
####.###.#######.#


You could see Natasha.

Vanquished Creatures
  Jessica (D:3)
  Natasha (twice) (D:2)
  3 adders (D:2)
  An ooze (D:1)
  3 worms (D:2)
  A leopard gecko (D:3)
  2 giant cockroaches
  9 goblins
  8 hobgoblins
  2 jackals (D:1)
  6 kobolds
  A ball python (D:1)
  5 bats
  2 frilled lizards (D:1)
  8 rats
54 creatures vanquished.

Notes
Turn   | Place    | Note
-------+----------+-------------------------------------------
     0 | D:1      | Alarkh the Demonspawn Fighter began the quest for the Orb.
     0 | D:1      | Reached XP level 1. HP: 18/18 MP: 1/1
     0 | D:1      | Noticed a draconian
     0 | D:1      | Noticed an octopode
     2 | D:1      | Noticed a spriggan
     2 | D:1      | Noticed a minotaur
     5 | D:1      | Noticed a ghoul
     6 | D:1      | Noticed a vine stalker
     7 | D:1      | Noticed a formicid
     8 | D:1      | Noticed an elf
    13 | D:1      | Noticed a human
    13 | D:1      | Noticed a troll
    15 | D:1      | Noticed a vine stalker
    15 | D:1      | Noticed a minotaur
    17 | D:1      | Noticed a vampire
    17 | D:1      | Noticed a troll
    19 | D:1      | Noticed a ghoul
    21 | D:1      | Noticed a felid
    39 | D:1      | Reached skill level 2 in Long Blades
   179 | D:1      | Gained mutation: You are surrounded by a mild repulsion field. (EV +2) [demonic ancestry]
   179 | D:1      | Reached XP level 2. HP: 24/24 MP: 2/2
   548 | D:1      | Reached skill level 3 in Long Blades
   687 | D:1      | Reached XP level 3. HP: 29/29 MP: 3/3
   861 | D:2      | Noticed Natasha
   870 | D:2      | Killed Natasha
  1047 | D:2      | Gained mutation: You have sharp fingernails. [demonic ancestry]
  1047 | D:2      | Reached XP level 4. HP: 20/35 MP: 4/4
  1317 | D:2      | Reached skill level 4 in Long Blades
  1821 | D:2      | Noticed Natasha
  1826 | D:2      | Killed Natasha
  2373 | D:3      | Found a faded altar of an unknown god.
  2375 | D:3      | Noticed Jessica
  2393 | D:3      | Killed Jessica
  2393 | D:3      | Gained mutation: You are slightly more attuned to the shadows. [demonic ancestry]
  2393 | D:3      | Reached XP level 5. HP: 41/41 MP: 5/5
  2439 | D:3      | Noticed Robin
  2452 | D:3      | Became a worshipper of Uskayaw the Reveler
  2452 | D:3      | Reached * piety under Uskayaw
  2453 | D:3      | Fell from the grace of Uskayaw
  2476 | D:3      | Reached skill level 5 in Long Blades
  2591 | D:2      | Noticed Natasha
  2596 | D:2      | Slain by Natasha

Vault maps used:
D:1:      shiori_arrival_whats_in_store_for_you, minmay_small_reverse_x
D:2:      uniq_natasha
D:3:      tgw_trog, bloody_makhleb, chequers_ecumenical_altar_simple_redux,
          nicolae_qazlal_eye_of_the_storm, uniq_terence, uniq_jessica,
          uniq_robin, uniq_crazy_yiuf_cottage

Skill      XL: |  1  2  3  4  5 |
---------------+----------------+-----
Long Blades    | 2 3 4 5 |  5.0
Fighting       | |  3.0
Armour         | |  2.6
Shields        | |  2.6

Action                   |  1- 3 |  4- 6 || total
-------------------------+-------+-------++-------
Melee: Long sword        |    88 |   115 ||   203
Invok: Renounce Religion |       |     1 ||     1
  Use: Potion            |     2 |     1 ||     3
       Scroll            |       |     2 ||     2
  Eat: Chunk             |     1 |     5 ||     6
Armor: Scale mail        |    33 |    62 ||    95
       Skin              |       |     3 ||     3
Dodge: Dodged            |    21 |    45 ||    66
Block: Shield            |    43 |    65 ||   108
       Rpst.: Long sword |     6 |    14 ||    20
